 Dungeon Crawl Stone Soup version 0.32-a0-685-g93135e86f0 (webtiles) character file.

Game seed: 14396622189488763310

777 smashvw the Ducker (level 8, -11/58 HPs)
             Began as a Djinni Fire Elementalist on Mar 12, 2024.
             Was a Follower of Makhleb.
             Killed from afar by an acid dragon (23 damage)
             ... with a splash of acid
             ... on level 5 of the Dungeon.
             The game lasted 00:14:02 (4199 turns).

smashvw the Ducker (Djinni Fire Elementalist)       Turns: 4199, Time: 00:14:03

Health: -11/58     AC:  5    Str:  7    XL:     8   Next: 10%
Gold:   177        EV: 14    Int: 20    God:    Makhleb [*.....] SH:  0 Dex: 13

rFire   + + +        (no weapon)
rCold   . . .        (no shield)
rNeg    . . .        n - +1 robe "Arghafeng" {rF+ Regen+ Stlth+}
rPois   ∞            o - +1 helmet
rElec   .            b - scarf {repulsion}
rCorr   .            (no gloves)
SInv    +            (boots unavailable)
Will    .....        (no amulet)
Stlth   ++++         u - ring "Taahebeh" {rPois rC+ SInv}
HPRegen 1.09/turn    (no ring)
MPRegen 0.00/turn

%: repel missiles, infuse magic (-12 HP)
@: flying
A: sickness immunity, fire resistance 2, cold vulnerability 1, float, innate
caster, HP casting, extra vitality 1
a: Renounce Religion


You were on level 5 of the Dungeon.
You worshipped Makhleb.
Makhleb was aware of your devotion.
You visited 2 branches of the dungeon, and saw 6 of its levels.

You collected 177 gold pieces.

Inventory:

Armour
 a - a +0 robe
 b - a scarf of repulsion (worn)
 n - the +1 robe "Arghafeng" (worn) {rF+ Regen+ Stlth+}
   (You found it on level 3 of the Dungeon)

   rF+:       It protects you from fire.
   Regen+:    It increases your rate of health regeneration.
   Stlth+:    It makes you more stealthy.
 o - a +1 helmet (worn)
 t - a +0 buckler
Magical Staves
 s - a staff of death
Jewellery
 u - the ring "Taahebeh" (left hand) {rPois rC+ SInv}
   (You found it on level 5 of the Dungeon)

   [ring of poison resistance]

   rC+:       It protects you from cold.
   rPois:     It protects you from poison.
   SInv:      It lets you see invisible.
Wands
 p - a wand of charming (13) (quivered)
Scrolls
 c - a scroll of brand weapon
 d - a scroll of amnesia
 g - 2 scrolls of fear {unknown}
 h - a scroll of vulnerability {unknown}
 k - 2 scrolls of enchant weapon {unknown}
 l - a scroll of poison {unknown}
 r - a scroll of noise {unknown}
Potions
 e - a potion of might
 f - 2 potions of haste
 i - 2 potions of curing
 j - 3 potions of lignification
 m - 4 potions of ambrosia
 q - 2 potions of heal wounds {unknown}


   Skills:
 + Level 3.7 Fighting
 + Level 5.1 Dodging
 + Level 4.1 Stealth
 + Level 4.4 Spellcasting
 + Level 4.4 Conjurations
 + Level 4.4 Hexes
 + Level 4.4 Summonings
 + Level 4.4 Necromancy
 + Level 4.4 Translocations
 + Level 4.4 Fire Magic
 + Level 4.4 Ice Magic
 + Level 4.4 Air Magic
 + Level 4.4 Earth Magic
 + Level 4.4 Alchemy


You knew the following spells:

 Your Spells              Type           Power      Damage    Failure   Level
a - Foxfire               Conj/Fire      88%        2x1d8     1%          1
b - Scorch                Fire           44%        2d6       3%          2
c - Volatile Blastmotes   Fire/Tloc      44%        2d13      6%          3
d - Inner Flame           Hex/Fire       22%        N/A       6%          3
e - Flame Wave            Conj/Fire      22%        2d8       19%         4
f - Slow                  Hex            88%        N/A       1%          1
g - Lesser Beckoning      Tloc           44%        N/A       3%          2
h - Jinxbite              Hex            44%        N/A       3%          2
Your spell library was empty.

Dungeon Overview and Level Annotations

Branches:
Dungeon (5/15)             Temple (1/1) D:4

Altars:
Ashenzari
Cheibriados
Dithmenos
Elyvilon
Fedhas
Gozag
Hepliaklqana
Makhleb
Nemelex Xobeh
Okawaru
Ru
Trog
Uskayaw
Wu Jian
Xom
Yredelemnul
Zin
The Shining One

Shops:
D:4 =


Innate Abilities, Weirdness & Mutations

You are immune to sickness and miasma.
You are immune to poison.
Your flesh is very heat resistant. (rF++)
You are vulnerable to cold. (rC-)
You float through the air rather than walking.
You learn spells naturally, not from books.
Your magical power is your life essence.
You have superior vitality. (+4 MHP)


Message History

The black bear claws you.
* * * LOW HITPOINT WARNING * * *
The black bear barely misses you.
Casting: Flame Wave (quite dangerous; 22% risk of failure)
Confirm with . or Enter, or press ? or * to list all spells.
Okay, then.
Casting: Flame Wave (quite dangerous; 22% risk of failure)
Confirm with . or Enter, or press ? or * to list all spells.
Casting: Flame Wave (quite dangerous; 22% risk of failure)
Press: ? - help, Dir - look around, f - activate A wave of flame ripples out!
The flame wave engulfs the black bear!
You kill the black bear!
Makhleb accepts your kill. (Press . to intensify the flame waves.)
* * * LOW HITPOINT WARNING * * *
Your Dodging skill increases to level 5!
Your Stealth skill increases to level 4!
A wave of flame ripples out!
The flame wave engulfs the ice beast!
The ice beast melts!
You kill the ice beast!
Makhleb accepts your kill.
* * * LOW HITPOINT WARNING * * *
Your magical contamination has completely faded away.
You have reached level 8!
You feel clever.
You start resting.
An acid dragon comes into view.
An acid dragon is nearby!
Press: ? - help, v - describe, . - travel The floor.
Unknown command.
Okay, then.
Okay, then.
Aiming: Charm
Press: ? - help, Q - select action, (/) - cycle Shift-Dir - straight line, f - acid dragon
Aim: an acid dragon (chance to affect: 49%)
The acid dragon resists with some effort.
The acid dragon spits acid at you. The splash of acid hits you!!
You die...

#.#
#.##.....####......
#...#.#.#.........
.##.......##......
#.#.#...###.....
#........###..(.
##..###.## ##... #
##.# ### #)##
###.#.######.# #)#
.D$...))@....# #)#
#####.######## #.##
# ####... #........
..#######


You could see an acid dragon (catching breath).

Vanquished Creatures
  A black bear (D:5)
  An ice beast (D:5)
  A phantom (D:5)
  5 bombardier beetles
  2 jellies (D:5)
  An iguana (D:5)
  2 orc wizards (D:5)
  8 gnolls
  6 adders
  2 ufetubi (D:5)
  2 ribbon worms
  A dart slug (D:2)
  10 orcs
  8 endoplasms
  4 goblins
  6 hobgoblins
  7 jackals
  4 quokkas
  4 ball pythons
  10 bats
  4 frilled lizards (D:1)
  5 kobolds
  9 rats
103 creatures vanquished.

Vanquished Creatures (others)
  88 foxfires
88 creatures vanquished.

Grand Total: 191 creatures vanquished

Notes
Turn   | Place    | Note
-------+----------+-------------------------------------------
     0 | D:1      | smashvw the Djinni Fire Elementalist began the quest for
                  | the Orb.
     0 | D:1      | smashvw set off with the following spells memorised:
                  | Foxfire, Scorch, Volatile Blastmotes, Inner Flame, Flame
                  | Wave.
     0 | D:1      | Reached XP level 1. HP: 15/15 MP: 0/0
   112 | D:1      | Reached XP level 2. HP: 16/21 MP: 0/0
   229 | D:1      | Reached XP level 3. HP: 13/25 MP: 0/0
   229 | D:1      | Learned a level 1 spell: Slow
  1007 | D:2      | Reached skill level 3 in Dodging
  1120 | D:2      | Reached XP level 4. HP: 29/31 MP: 0/0
  1369 | D:2      | Reached skill level 1 in Fighting
  1396 | D:2      | Reached XP level 5. HP: 2/37 MP: 0/0
  1396 | D:2      | Learned a level 2 spell: Lesser Beckoning
  2161 | D:3      | Identified the +1 robe "Arghafeng" {rF+ Regen+ Stlth+}
  2330 | D:3      | Found a broken altar of Ashenzari.
  2792 | D:4      | Found Puzer's Jewellery Boutique.
  2913 | D:4      | Found a staircase to the Ecumenical Temple.
  2918 | Temple   | Entered the Ecumenical Temple
  2927 | Temple   | Became a worshipper of Makhleb the Destroyer
  3078 | D:4      | Reached XP level 6. HP: 40/43 MP: 0/0
  3350 | D:4      | Reached skill level 4 in Dodging
  3707 | D:5      | Entered Level 5 of the Dungeon
  3858 | D:5      | Reached XP level 7. HP: 46/49 MP: 0/0
  3858 | D:5      | Learned a level 2 spell: Jinxbite
  4043 | D:5      | Identified the ring "Taahebeh" {rPois rC+ SInv}
  4179 | D:5      | Reached * piety under Makhleb
  4196 | D:5      | Reached skill level 5 in Dodging
  4197 | D:5      | Reached XP level 8. HP: 9/58 MP: 0/0
  4199 | D:5      | Killed from afar by an acid dragon

Illustrated notes

Levels and vault maps discovered:
D:1:      dpeg_arrival_court, layout_basic, reono_crystal_passage
D:2:      layout_basic, serial_glass, glass_columns_b, glass_columns_c,
          glass_columns_b, glass_columns_a, glass_columns_b, glass_columns_a,
          glass_columns_a, glass_columns_c, glass_columns_b, glass_columns_a,
          glass_columns_b, glass_columns_a, glass_columns_b, glass_columns_b
D:3:      layout_loops_ring, mainiacjoe_overflow_cross_hatched,
          chequers_serial_rivers_large_b, minivault_14
D:4:      layout_loops_corners, minmay_temple_entry_offerings, serial_aquarium,
          aquarium_bridge_square [aquarium_subvault_wall,
          aquarium_subvault_bridge, aquarium_subvault_window,
          aquarium_subvault_window], aquarium_bridge_square
          [aquarium_subvault_bridge, aquarium_subvault_wall,
          aquarium_subvault_window, aquarium_subvault_bridge],
          aquarium_window_2, aquarium_window_fake, aquarium_window_corner,
          aquarium_window_fake, aquarium_view_2a, aquarium_view_2a,
          aquarium_balcony_3b, aquarium_pool_1, serial_shops,
          nicolae_shop_hallway_plus
D:5:      layout_loops_ring, nicolae_overflow_hidden_temple, serial_glass,
          glass_columns_a, glass_columns_a
Temple:   hellmonk_temple_of_storms

Skill      XL: |  1  2  3  4  5  6  7 |
---------------+----------------------+-----
Stealth        | 2 3 4 |  4.1
Dodging        | 3 4 5 |  5.1
Fighting       | 1 2 3 |  3.7
Spellcasting   | 4 |  4.4
Conjurations   | 4 |  4.4
Hexes          | 4 |  4.4
Summonings     | 4 |  4.4
Necromancy     | 4 |  4.4
Translocations | 4 |  4.4
Fire Magic     | 4 |  4.4
Ice Magic      | 4 |  4.4
Air Magic      | 4 |  4.4
Earth Magic    | 4 |  4.4
Alchemy        | 4 |  4.4

Action                     |  1- 3 |  4- 6 |  7- 9 || total
---------------------------+-------+-------+-------++-------
   Cast: Foxfire           |    45 |     3 |       ||    48
         Scorch            |    26 |    74 |    22 ||   122
         Slow              |     1 |     2 |       ||     3
         Volatile Blastmot |       |     4 |       ||     4
         Lesser Beckoning  |       |     1 |       ||     1
         Flame Wave        |       |     3 |     4 ||     7
         Jinxbite          |       |       |     2 ||     2
  Evoke: Wand              |       |       |     1 ||     1
    Use: Scroll            |     1 |     6 |       ||     7
 Armour: Robe              |     5 |    21 |    12 ||    38
  Dodge: Dodged            |     4 |    11 |     5 ||    20
         Repelled          |       |     1 |       ||     1

Table legend: (Time is in decaauts)
 A = Elapsed time spent in this place.
 B = Non-inter-level travel time spent in this place.
 C = Inter-level travel time spent in this place.
 D = Time resting spent in this place.
 E = Time spent auto-exploring this place.
 F = Levels seen in this place.
 G = Mean time per level.
                   A        B        C        D        E       F      G
               +--------+--------+--------+--------+--------+-----+--------+
         Total |   4197 |   4091 |    106 |    127 |   3403 |   6 |  699.5 |
       Dungeon |   4178 |   4088 |     90 |    127 |   3403 |   5 |  835.6 |
        Temple |     18 |      2 |     16 |      0 |      0 |   1 |   18.0 |
               +--------+--------+--------+--------+--------+-----+--------+

Top non-repeatable levels by time:
     D:2: 1064 daAuts
     D:4: 941 daAuts
     D:1: 880 daAuts
     D:3: 801 daAuts
     D:5: 491 daAuts
  Temple: 18 daAuts
